Map: Hecate LE

Players

BeatYouDown

  • Race: Protoss Protoss
  • League: Platinum
  • Spawn Location: 7:00

Subwayeatn - Winner!

  • Race: Zerg Zerg
  • League: Platinum
  • Spawn Location: 1:00

VOD

Have the link to the VOD?

Description

Time

  • Played on: Oct. 31, 2023, 6:07 p.m.
  • Length: 3:02
Show
View Real Time Build Order
Export as new Build Order

BeatYouDown Protoss 

Build Orders: Forge Fast Expand (FFE) 

Get SALT Encoding   

  12  0:01  Probe  
  13  0:22  Pylon  
  13  0:23  Probe (Chrono Boost)  
  14  0:33  Probe (Chrono Boost)  
  15  0:38  Probe (Chrono Boost)  
  16  0:43  Forge  
  16  0:50  Probe  
  17  1:02  Probe (Chrono Boost)  
  18  1:14  Probe (Chrono Boost)  
  19  1:18  Probe (Chrono Boost)  
  20  1:29  Probe  
  20  1:31  Nexus  
  21  1:40  Pylon  
  21  1:51  Probe  
  22  2:02  Gateway  
  22  2:05  Photon Cannon  
  22  2:07  Photon Cannon  
  22  2:17  Photon Cannon  
  21  2:27  Photon Cannon  
  21  2:35  Photon Cannon  
Show
View Real Time Build Order
Export as new Build Order

Subwayeatn Zerg - Winner!

Build Orders: Pool First 

Get SALT Encoding   

  12  0:07  Drone  
  12  0:08  Drone  
  14  0:22  Extractor  
  13  0:32  Spawning Pool  
  12  0:57  Hatchery  
  11  1:19  Queen  
  11  1:23  Overlord  
  13  1:31  Zergling x2  
  14  1:43  Metabolic Boost  
  14  1:46  Zergling x2  
  15  2:01  Zergling x6  
  18  2:14  Queen  
  20  2:30  Zergling x2  
  20  2:31  Zergling x4  
Tags
 
Add a new tag
Caveats
  • Supply blocks, unpowered buildings, or Contaminate may cause inaccurate times.
  • Supply counts are checked every 10 seconds.